 Dungeon Crawl Stone Soup version 0.25-a0-523-g9afb2ee040 (webtiles) character file.

Game seed: 2716684372069446026, levelgen mode: deterministic

3546 Flugslaktarn the Protected (level 9, 0/86 HPs)
             Began as a Deep Dwarf Fighter on Feb 18, 2020.
             Was an Initiate of Makhleb.
             Slain by a two-headed ogre
             ... wielding a cursed -2 giant spiked club
              (12 damage)
             ... on level 8 of the Dungeon.
             The game lasted 00:03:51 (4981 turns).

Flugslaktarn the Protected (Deep Dwarf Fighter)     Turns: 4981, Time: 00:03:52

Health: 0/86       AC: 13    Str: 23    XL:     9   Next: 83%
Magic:  6/6        EV:  7    Int:  9    God:    Makhleb [......]
Gold:   283        SH: 11    Dex: 12    Spells: 8/8 levels left

rFire    . . .     SeeInvis .   a - +0 war axe
rCold    . . .     Gourm    .   c - +0 kite shield
rNeg     . . .     Faith    +   E - +0 chain mail (curse)
rPois    .         Spirit   .   (no helmet)
rElec    .         Reflect  .   s - +0 cloak
rCorr    .         Harm     .   g - +0 pair of gloves
MR       +....                  (no boots)
Stlth    ..........             n - amulet of faith
HPRegen  0.00/turn              (no ring)
MPRegen  0.10/turn              (no ring)

@: non-regenerating
A: damage resistance, heal wounds, sense surroundings 2, no regeneration
a: Heal Wounds, Renounce Religion


You were on level 8 of the Dungeon.
You worshipped Makhleb.
Makhleb was noncommittal.
You were not hungry.

You visited 2 branches of the dungeon, and saw 9 of its levels.
You also visited: Ossuary.

You collected 429 gold pieces.
You spent 146 gold pieces at shops.

Inventory:

Hand Weapons
 a - a +0 war axe (weapon)
Missiles
 B - 2 throwing nets (quivered)
Armour
 b - a +0 scale mail
 c - a +0 kite shield (worn)
 g - a +0 pair of gloves (worn)
   (You found it on level 5 of the Dungeon)
 s - a +0 cloak (worn)
   (You took it off Crazy Yiuf on level 5 of the Dungeon)
 E - a cursed +0 chain mail (worn)
   (You found it on level 8 of the Dungeon)
Jewellery
 k - an uncursed ring of ice
   (You found it on level 2 of the Dungeon)
 n - an amulet of faith (around neck)
   (You found it on level 4 of the Dungeon)
Scrolls
 f - a scroll of magic mapping
 j - 2 scrolls of fog
 r - 5 scrolls of identify
 t - 3 scrolls of teleportation
 u - a scroll of enchant weapon {unknown}
 w - 10 scrolls of remove curse
 x - a scroll of acquirement {unknown}
 y - 2 scrolls of enchant armour {unknown}
 z - 2 scrolls of blinking
 A - a scroll of summoning {unknown}
 D - a scroll of brand weapon {unknown}
Potions
 d - a potion of might
 h - 3 potions of haste
 i - 2 potions of curing {unknown}
 l - 2 potions of stabbing {unknown}
 m - a potion of lignification {unknown}
 o - 2 potions of brilliance {unknown}
 p - a potion of magic {unknown}
 q - 2 potions of flight {unknown}
 v - 2 potions of cancellation {unknown}
Comestibles
 e - 14 rations
 C - a chunk of flesh


   Skills:
 + Level 7.0 Fighting
 + Level 8.0 Axes
 + Level 8.4 Armour
 + Level 8.4 Shields


You had 8 spell levels left.
You didn't know any spells.
Your spell library was empty.

Dungeon Overview and Level Annotations

Branches:
Dungeon (8/15)             Temple (1/1) D:6         Ossuary (visited)
   Lair: D:8-11

Altars:
Ashenzari
Cheibriados
Dithmenos
Fedhas
Gozag
Hepliaklqana
Kikubaaqudgha
Makhleb
Nemelex Xobeh
Qazlal
Ru
Sif Muna
Trog
Uskayaw
Vehumet
Xom
Yredelemnul
Zin
The Shining One

Shops:
D:4 *?   D:7 =


Innate Abilities, Weirdness & Mutations

You are resistant to damage.
You can heal yourself by infusing magical energy.
You passively map the area around you.
You do not regenerate.


Message History

The two-headed ogre hits you with a cursed -2 giant spiked club!
The two-headed ogre hits you with a +0 giant club!
* * * LOW HITPOINT WARNING * * *
You slash the two-headed ogre!
The two-headed ogre is almost dead.
You hit the two-headed ogre but do no damage.
The two-headed ogre is almost dead.
You block the two-headed ogre's attack.
The two-headed ogre hits you with a +0 giant club!
* * * LOW HITPOINT WARNING * * *
You hit the two-headed ogre.
The two-headed ogre is almost dead.
The two-headed ogre hits you with a cursed -2 giant spiked club.
The two-headed ogre hits you with a +0 giant club.
* * * LOW HITPOINT WARNING * * *
You closely miss the two-headed ogre.
The two-headed ogre is almost dead.
The two-headed ogre barely misses you.
The two-headed ogre hits you with a +0 giant club!
You die...

#########
#....^..#
#.#####.#########
#.### #..@O.....#
#...###.#######.#
* *
#................
, ##
#...###.######.##
*#.# .# #..##...#
,* #.# .#
#..##.#.# #.# .#
#..##.#.# #.#
.#######..##.#.#
* #.#
..รท............#
* #.#


You could see a two-headed ogre.

Vanquished Creatures
  A two-headed ogre (D:8)
  2 hippogriffs (D:8)
  A spriggan (D:8)
  A wyvern (D:8)
  Menkaure (D:6)
  A water moccasin (D:8)
  A sky beast (D:7)
  2 black bears (D:8)
  An ice beast (D:7)
  An ogre (D:4)
  A centaur (D:5)
  2 bullfrogs (D:7)
  Blork the orc (D:6)
  2 scorpions (D:7)
  A water moccasin skeleton (D:6)
  7 crimson imps
  A bullfrog zombie (D:5)
  5 hounds
  Crazy Yiuf (D:5)
  An orc priest (D:5)
  A centaur skeleton (D:8)
  3 orc wizards
  2 bullfrog skeletons (D:5)
  2 iguanas (D:6)
  3 worker ants
  7 big kobold zombies (Ossuary)
  2 hound skeletons
  A mummy (Ossuary)
  10 adders
  3 shadow imps
  An ooze (D:5)
  A worm (D:2)
  3 leopard geckos
  11 orcs
  2 spectral bats (Ossuary)
  3 giant cockroaches
  4 gnoll zombies (Ossuary)
  4 goblins
  5 hobgoblins
  7 jackals
  4 kobolds
  7 quokkas
  2 bats (D:2)
  5 bat simulacra (Ossuary)
  3 frilled lizards
  A goblin simulacrum (Ossuary)
  A goblin zombie (Ossuary)
  4 hobgoblin zombies (Ossuary)
  4 kobold simulacra (Ossuary)
  9 kobold zombies (Ossuary)
  A leopard gecko skeleton (D:8)
  3 orc zombies (Ossuary)
  4 rats
  3 rat simulacra (Ossuary)
  4 spectral goblins (Ossuary)
  4 spectral rats (Ossuary)
168 creatures vanquished.

Notes
Turn   | Place    | Note
-------+----------+-------------------------------------------
     0 | D:1      | Flugslaktarn the Deep Dwarf Fighter began the quest for the
                  | Orb.
     0 | D:1      | Reached XP level 1. HP: 20/20 MP: 1/1
   134 | D:2      | Reached XP level 2. HP: 27/27 MP: 2/2
   258 | D:2      | Found a faded altar of an unknown god.
   472 | D:3      | Reached XP level 3. HP: 27/34 MP: 3/3
   628 | D:3      | Found a shimmering altar of Xom.
   633 | D:3      | Reached XP level 4. HP: 34/42 MP: 4/4
   646 | D:3      | Reached XP level 5. HP: 38/49 MP: 5/5
   789 | D:4      | Found Omyaz's General Store.
   816 | D:4      | Bought a scroll of teleportation for 42 gold pieces
  1058 | D:4      | Found a radiant altar of Vehumet.
  1163 | D:4      | Found a sand-covered staircase.
  1168 | Ossuary  | Entered an ossuary
  1182 | Ossuary  | Reached XP level 6. HP: 49/57 MP: 6/6
  1384 | Ossuary  | Reached skill level 5 in Armour
  1408 | Ossuary  | Reached skill level 5 in Shields
  1516 | D:4      | Found a blossoming altar of Fedhas.
  1525 | D:4      | Reached XP level 7. HP: 64/64 MP: 7/7
  1640 | D:4      | Found Bionio's Magic Scroll Boutique.
  1645 | D:4      | Bought a scroll of identify for 22 gold pieces
  1645 | D:4      | Bought a scroll of blinking for 82 gold pieces
  1701 | D:5      | Entered Level 5 of the Dungeon
  1779 | D:5      | Found a shimmering blue altar of Sif Muna.
  1881 | D:5      | Reached skill level 5 in Axes
  1971 | D:5      | Found a glowing golden altar of the Shining One.
  2052 | D:5      | Found a runed translucent door.
  2053 | D:5      | Noticed Crazy Yiuf
  2199 | D:5      | Killed Crazy Yiuf
  2315 | D:6      | Found a hazy altar of Hepliaklqana.
  2388 | D:6      | Reached skill level 5 in Fighting
  2549 | D:6      | Noticed Menkaure
  2557 | D:6      | Killed Menkaure
  2557 | D:6      | Reached XP level 8. HP: 54/74 MP: 8/8
  2644 | D:6      | Found a staircase to the Ecumenical Temple.
  2679 | D:6      | Noticed Blork the orc
  2690 | D:6      | Killed Blork the orc
  2712 | Temple   | Entered the Ecumenical Temple
  3379 | D:7      | Found Sewkeuphe's Jewellery Shoppe.
  3416 | D:7      | Found an opulent altar of Gozag.
  3935 | D:7      | Found a sacrificial altar of Ru.
  4405 | D:8      | Gained mutation: You passively map the area around you.
                  | [Deep Dwarf growth]
  4405 | D:8      | Reached XP level 9. HP: 35/82 MP: 8/8
  4545 | D:8      | Noticed a two-headed ogre
  4561 | D:8      | Killed a two-headed ogre
  4670 | D:8      | Found a burning altar of Makhleb.
  4677 | D:8      | Became a worshipper of Makhleb the Destroyer
  4770 | D:8      | Found a shattered altar of Ashenzari.
  4956 | D:8      | Noticed a two-headed ogre
  4981 | D:8      | Slain by a two-headed ogre

Levels and vault maps discovered:
D:1:      roderic_crossed_star, layout_basic
D:2:      layout_basic, first_ration, chequers_ecumenical_altar_grove
D:3:      layout_basic, led_xom_imps, minmay_pentangle
D:4:      layout_basic, vehumet_altar_wand_db, nicolae_overflow_hidden_temple,
          serial_shops, shop, kennysheep_little_box, enter_ossuary_2
D:5:      layout_rooms, old_standard_altar, lemuel_altar_in_water,
          uniq_crazy_yiuf_cottage
D:6:      layout_basic, basic_altar, uniq_menkaure, uniq_blork_the_orc
D:7:      layout_basic, lemuel_doored_altar, serial_shops, shop,
          nicolae_ru_path_of_blood
D:8:      layout_loops_ring, makhleb_grotto_becter, kennysheep_mini,
          grunt_pizzeria
Temple:   minmay_temple_forest_path

Skill      XL: |  1  2  3  4  5  6  7  8  9 |
---------------+----------------------------+-----
Fighting       | 3 4 5 6 7 |  7.0
Axes           | 3 4 5 6 8 |  8.0
Armour         | 4 5 6 7 8 |  8.4
Shields        | 4 5 6 7 8 |  8.4

Action                   |  1- 3 |  4- 6 |  7- 9 || total
-------------------------+-------+-------+-------++-------
Melee: War axe           |    79 |   228 |   386 ||   693
 Abil: Heal Wounds       |       |     2 |    17 ||    19
  Use: Scroll            |       |       |     6 ||     6
       Potion            |       |       |     1 ||     1
  Eat: Chunk             |       |     1 |     7 ||     8
       Ration            |       |     1 |     1 ||     2
Armor: Scale mail        |    36 |    89 |   167 ||   292
       Chain mail        |       |       |     1 ||     1
Dodge: Dodged            |    27 |    55 |   116 ||   198
Block: Kite shield       |    49 |   118 |   227 ||   394

Table legend:
 A = Non-vault XP
 B = Vault XP
 C = Vault XP percentage of total XP
 D = Non-vault monster count
 E = Vault monster count
 F = Vault count percentage of total count
                 A         B        C        D         E       F
            +---------+---------+-------+---------+---------+-------
      Total |    4046 |    1021 |  20.1 |     106 |      62 |  36.9
            +---------+---------+-------+---------+---------+-------
        D:1 |       2 |       0 |   0.0 |       1 |       0 |   0.0
        D:2 |      38 |       0 |   0.0 |      16 |       0 |   0.0
        D:3 |      29 |     196 |  87.1 |       9 |       4 |  30.8
        D:4 |     276 |       1 |   0.4 |      10 |       1 |   9.1
        D:5 |     411 |      44 |   9.7 |      18 |       1 |   5.3
        D:6 |     221 |     266 |  54.6 |      10 |       2 |  16.7
        D:7 |     817 |       0 |   0.0 |      24 |       0 |   0.0
        D:8 |    2252 |     261 |  10.4 |      18 |       2 |  10.0
    Ossuary |       0 |     253 | 100.0 |       0 |      52 | 100.0
            +---------+---------+-------+---------+---------+-------
